AoeStats
← alexismdo1

Black Forest

503246136Analyzed
3v3 RM · 2mo ago on Aug 30, 2026· 47m 39s· 6 players
Game mode
Random Map
Map size
Normal (6 player)
Population
200
Speed
Normal
Resources
Standard
Victory
Conquest
Starting age
Dark Age
Ending age
Imperial Age
RankedLock teamsTeams togetherTeam positionsShared explorationLock speedFull tech treeHidden civsTurbo modeCheats
Victory
Defeat
🇨🇱 Byzantines · Chile
1014
+16
🇵🇸 Gurjaras · Palestinian Territories
999
+16
🇪🇸 Spanish · Spain
942
+19
vs
🇵🇪 Chinese · Peru
1105
-21
🇵🇪 Khmer · Peru
1087
-21
🇵🇪 Poles · Peru
820
-9
Firas
0:54 Loom
12:14 Feudal Age
14:27 Double-Bit Axe
16:23 Horse Collar
19:52 Castle Age
22:52 Wheelbarrow
29:03 Hand Cart
28:34 Town Watch
28:42 Fletching
28:52 Padded Archer Armor
30:13 Bow Saw
31:57 Caravan
36:51 Imperial Age
35:30 Heavy Plow
35:22 Gold Mining
35:23 Stone Mining
35:45 Bodkin Arrow
36:05 Leather Archer Armor
36:02 Forging
35:57 Scale Barding Armor
36:22 Town Patrol
37:54 Ballistics
38:17 Frontier Guards
38:12 Kshatriyas
39:15 Thumb Ring
38:45 Elite Elephant Archer
39:34 Heavy Camel Rider
40:14 Husbandry
40:25 Bloodlines
42:02 Iron Casting
41:47 Chain Barding Armor
41:28 Bracer
42:30 Chemistry
46:34 Crop Rotation
alexismdo1
1:14 Loom
13:59 Feudal Age
18:15 Castle Age
16:25 Double-Bit Axe
16:49 Horse Collar
18:00 Gold Mining
18:00 Stone Mining
19:44 Wheelbarrow
19:31 Bow Saw
25:11 Heavy Plow
25:19 Gold Mining
25:21 Stone Mining
27:20 Gold Shaft Mining
30:10 Imperial Age
28:19 Hand Cart
29:02 Stone Shaft Mining
29:21 Treadmill Crane
29:52 Fortified Wall
30:03 Ballistics
31:51 Crop Rotation
32:25 Two-Man Saw
33:10 Chemistry
33:01 Conscription
33:34 Caravan
35:04 Pikeman
35:45 Squires
35:38 Gambesons
36:57 Halberdier
39:22 Forging
39:13 Scale Mail Armor
40:39 Iron Casting
44:14 Greek Fire
garmorata
9:51 Feudal Age
10:13 Horse Collar
10:19 Double-Bit Axe
18:12 Castle Age
16:33 Stone Mining
18:53 Heavy Plow
19:26 Bow Saw
22:42 Stone Shaft Mining
25:05 Gold Mining
29:09 Imperial Age
30:08 Wheelbarrow
29:21 Town Watch
29:24 Loom
30:02 Forging
29:53 Padded Archer Armor
29:46 Fletching
31:46 Chemistry
31:19 Elite Skirmisher
34:13 Two-Man Saw
33:08 Fletching
33:29 Padded Archer Armor
34:05 Iron Casting
34:17 Bodkin Arrow
48:24 Hand Cart
SonorousAnt1129
4:05 Loom
13:29 Feudal Age
15:10 Wheelbarrow
14:29 Horse Collar
14:39 Double-Bit Axe
22:10 Castle Age
20:09 Arson
20:37 Bloodlines
20:31 Fletching
21:24 Gold Mining
22:40 Stone Mining
23:04 Heavy Plow
23:20 Bow Saw
22:41 Light Cavalry
25:26 Hand Cart
25:41 Scale Mail Armor
27:03 Stone Shaft Mining
27:20 Caravan
27:38 Scale Barding Armor
27:22 Town Watch
29:00 Husbandry
29:04 Squires
31:18 Chain Barding Armor
31:41 Town Patrol
32:16 Pikeman
34:03 Ballistics
34:41 Szlachta Privileges
38:23 Imperial Age
38:03 Chain Mail Armor
37:58 Forging
38:37 Winged Hussar
40:29 Cavalier
45:40 Iron Casting
45:33 Conscription
47:49 Lechitic Legacy
InRushh
0:38 Loom
12:07 Feudal Age
13:41 Double-Bit Axe
19:20 Castle Age
18:42 Stone Mining
19:17 Horse Collar
21:22 Stone Shaft Mining
23:12 Bow Saw
25:21 Heavy Plow
28:07 Wheelbarrow
27:52 Town Watch
29:35 Gold Mining
32:22 Hand Cart
37:16 Imperial Age
34:48 Town Patrol
37:48 Scale Barding Armor
37:19 Elite Ballista Elephant
38:21 Conscription
38:31 Ballistics
39:12 Chemistry
39:32 Hoardings
39:25 Bloodlines
39:16 Husbandry
38:47 Light Cavalry
39:50 Chain Barding Armor
39:44 Herbal Medicine
40:59 Hussar
42:41 Fletching
44:50 Bodkin Arrow
45:58 Bracer
JFVCas
0:26 Loom
11:48 Feudal Age
14:59 Double-Bit Axe
19:31 Castle Age
21:27 Fletching
22:00 Bow Saw
23:14 Wheelbarrow
23:41 Bodkin Arrow
24:02 Padded Archer Armor
24:35 Horse Collar
26:14 Hand Cart
27:57 Gold Mining
29:14 Town Watch
31:15 Great Wall
31:47 Town Patrol
32:37 Leather Archer Armor
32:45 Stone Mining
33:33 Gold Shaft Mining
36:17 Imperial Age
34:27 Thumb Ring
33:43 Elite Skirmisher
35:52 Scale Barding Armor
37:35 Bracer
38:06 Ring Archer Armor
40:00 Chemistry
39:20 Ballistics
41:19 Elite Chu Ko Nu
42:21 Conscription
46:09 Murder Holes
47:49 Ring Archer Armor
Connection lost

Rejoining the realm…

Still unreachable

The connection could not be restored.

Session expired

The server has moved on; the page needs a fresh start.